AoeStats
← Ypsilon

Lombardia

508920050Analyzed
4v4 RM · 9d ago on Sep 24, 2026· 44m 42s· 8 players
Game mode
Random Map
Map size
Large (8 player)
Population
200
Speed
Normal
Resources
Standard
Victory
Conquest
Starting age
Dark Age
Ending age
Imperial Age
RankedLock teamsTeams togetherTeam positionsShared explorationLock speedFull tech treeHidden civsTurbo modeCheats
Victory
Defeat
🇺🇸 Danes · United States
1304
+14
🇨🇳 Teutons · China
1270
+15
🇨🇳 Vikings · China
1252
+16
🇧🇷 Franks · Brazil
1227
+17
🇩🇰 Mongols · Denmark
1315
-18
🇳🇿 Saracens · New Zealand
1264
-16
🇪🇸 Khmer · Spain
1212
-14
🇹🇷 Huns · Türkiye
1210
-14
aloofIy
9:37 Loom
11:22 Feudal Age
15:51 Castle Age
15:25 Loom
16:24 Double-Bit Axe
18:47 Horse Collar
22:21 Bow Saw
29:47 Wheelbarrow
30:40 Caravan
31:05 Husbandry
31:44 Gold Mining
31:44 Stone Mining
32:20 Hand Cart
31:50 Town Watch
35:30 Imperial Age
34:30 Gold Shaft Mining
35:07 Bloodlines
35:04 Scale Barding Armor
35:10 Forging
35:42 Fortified Wall
35:43 Masonry
36:52 Conscription
35:58 Elite Mameluke
38:51 Siege Engineers
39:13 Chain Barding Armor
39:29 Iron Casting
41:17 Plate Barding Armor
42:41 Blast Furnace
44:49 Fletching
45:22 Ballistics
46:03 Chemistry
44:49 Arrowslits
UgleKaare
5:36 Loom
10:19 Feudal Age
12:07 Double-Bit Axe
19:44 Castle Age
23:54 Horse Collar
24:53 Bloodlines
25:18 Scale Barding Armor
27:43 Husbandry
28:47 Wheelbarrow
28:35 Bow Saw
30:52 Hand Cart
31:46 Chain Barding Armor
31:32 Town Watch
35:48 Imperial Age
34:11 Fletching
34:58 Padded Archer Armor
36:26 Ballistics
36:57 Bodkin Arrow
37:32 Leather Archer Armor
39:04 Chemistry
38:58 Bracer
40:01 Conscription
Zikane
11:31 Feudal Age
14:32 Castle Age
12:44 Double-Bit Axe
13:31 Horse Collar
15:37 Bow Saw
18:46 Loom
22:40 Wheelbarrow
22:10 Stone Mining
23:58 Stone Shaft Mining
24:20 Hand Cart
23:52 Town Watch
25:03 Gold Mining
27:53 Gold Shaft Mining
27:21 Heavy Plow
30:51 Imperial Age
29:44 Ballistics
29:42 Caravan
32:48 Chemistry
31:50 Double Crossbow
32:23 Elite Ballista Elephant
33:55 Conscription
34:51 Siege Engineers
35:20 Crop Rotation
36:29 Masonry
36:59 Husbandry
37:10 Bloodlines
37:35 Light Cavalry
38:57 Hussar
41:54 Scale Barding Armor
42:00 Forging
bulger97
11:41 Feudal Age
15:42 Castle Age
14:06 Double-Bit Axe
14:13 Horse Collar
14:49 Gold Mining
18:58 Bow Saw
19:10 Heavy Plow
19:36 Fletching
19:46 Padded Archer Armor
22:16 Loom
28:11 Imperial Age
26:19 Gold Shaft Mining
25:37 Stone Mining
25:43 Fletching
25:53 Padded Archer Armor
26:24 Ballistics
27:03 Wheelbarrow
26:13 Town Watch
26:55 Bodkin Arrow
27:22 Leather Archer Armor
27:51 Caravan
28:14 Hand Cart
28:42 Thumb Ring
29:22 Parthian Tactics
31:37 Two-Man Saw
30:05 Heavy Cavalry Archer
30:58 Bracer
31:15 Husbandry
31:27 Bloodlines
35:12 Chemistry
37:44 Conscription
Hero Unit
2:43 Loom
11:23 Feudal Age
12:00 Double-Bit Axe
11:59 Horse Collar
17:21 Castle Age
17:42 Gold Mining
21:34 Wheelbarrow
21:02 Squires
21:31 Scale Mail Armor
21:42 Forging
21:34 Heavy Plow
22:24 Bow Saw
25:00 Chain Mail Armor
27:34 Iron Casting
27:50 Hand Cart
30:45 Stone Mining
31:33 Gold Shaft Mining
33:30 Imperial Age
30:53 Gambesons
33:03 Stone Shaft Mining
32:47 Arson
33:36 Fletching
33:44 Elite Varangian Guard
34:55 Plate Mail Armor
35:25 Blast Furnace
35:57 Onager
37:04 Conscription
36:07 Hamask
37:23 Siege Engineers
37:30 Masonry
37:46 Siege Onager
40:38 Chemistry
41:42 Bodkin Arrow
42:08 Ballistics
axjhbl90
11:29 Feudal Age
15:54 Castle Age
13:54 Double-Bit Axe
17:13 Wheelbarrow
17:23 Forging
18:22 Hand Cart
19:17 Loom
24:19 Horse Collar
25:34 Gold Mining
28:47 Bow Saw
29:14 Stone Mining
29:27 Heavy Plow
34:43 Imperial Age
33:18 Fortified Wall
35:43 Bloodlines
35:41 Scale Barding Armor
36:12 Iron Casting
36:15 Crop Rotation
36:48 Two-Man Saw
37:20 Chain Barding Armor
36:22 Cavalier
37:55 Paladin
39:13 Plate Barding Armor
39:38 Blast Furnace
40:13 Conscription
42:10 Fletching
萱你在吗
11:21 Feudal Age
15:14 Castle Age
13:31 Horse Collar
13:37 Double-Bit Axe
15:25 Loom
21:46 Bow Saw
22:35 Heavy Plow
23:18 Town Watch
24:20 Pikeman
26:09 Gold Mining
26:55 Stone Mining
27:41 Gold Shaft Mining
28:33 Scale Mail Armor
28:45 Forging
31:17 Imperial Age
30:36 Chain Mail Armor
30:56 Iron Casting
30:55 Squires
30:40 Arson
31:26 Capped Ram
31:34 Elite Varangian Guard
33:15 Plate Mail Armor
33:45 Blast Furnace
33:35 Conscription
33:18 Chieftains
35:21 Two-Man Saw
35:10 Crop Rotation
34:30 Siege Ram
36:47 Chemistry
39:03 Siege Engineers
39:09 Masonry
Ypsilon
10:13 Feudal Age
11:14 Double-Bit Axe
17:00 Castle Age
16:32 Loom
17:31 Forging
18:25 Bow Saw
20:07 Husbandry
22:04 Scale Barding Armor
23:58 Iron Casting
24:12 Wheelbarrow
25:28 Chain Barding Armor
27:04 Hand Cart
28:04 Gold Mining
30:47 Gold Shaft Mining
30:04 Stone Mining
31:01 Town Watch
37:54 Imperial Age
38:14 Cavalier
39:30 Plate Barding Armor
39:56 Blast Furnace
39:39 Conscription
39:41 Paladin
44:36 Caravan
Connection lost

Rejoining the realm…

Still unreachable

The connection could not be restored.

Session expired

The server has moved on; the page needs a fresh start.